MID
GREAT LAKES LOONS @ SOUTH BEND CUBS
07/15/2044
 
TOP OF THE 1ST
Great Lakes Loons batting - Pitching for South Bend Cubs : RHP Daniel Sullivan
Pitching: RHP Daniel Sullivan
Batting: RHB Ken Jenkins 0-0: Ball
1-0: Called Strike
1-1: Foul Ball, location: 2F
1-2: Ball
2-2: SOLO HOME RUN (Flyball, 9D, EV 101.9 MPH), Distance : 387 ft
Batting: RHB Alex Mejia 0-0: Foul Ball, location: 2F
0-1: Ball
1-1: Fly out, F6 (Flyball, 56D, EV 76.3 MPH)
Batting: LHB Antonio Luis 0-0: Ball
1-0: Ball
2-0: Ball
3-0: Called Strike
3-1: Called Strike
3-2: Ground out 6-3 (Groundball, 4M, EV 85.6 MPH)
Batting: LHB Jim Chalk 0-0: Called Strike
0-1: SINGLE (Flyball, 7S, EV 90.0 MPH)
Batting: LHB Alberto Chavez 0-0: Called Strike
0-1: Ball
1-1: Ball
2-1: Foul Ball, location: 2F
2-2: Ball
3-2: Base on Balls
Jim Chalk to second
Pitching: LHP Jose Carrillo
Batting: RHB Ashton Crenshaw 0-0: Called Strike
0-1: Foul Ball, location: 2F
0-2: Ball
1-2: Foul Ball, location: 2F
1-2: Fly out, F9 (Flyball, 9LS, EV 70.0 MPH)
Top of the 1st over - 1 run, 2 hits, 0 errors, 2 left on base; Great Lakes 1 - South Bend 0
BOTTOM OF THE 1ST
South Bend Cubs batting - Pitching for Great Lakes Loons : RHP Bobby Primaticcio
Pitching: RHP Bobby Primaticcio
Batting: RHB Jason Ostrom 0-0: Ball
1-0: Fly out, F7 (Flyball, 78D, EV 101.3 MPH)
Batting: LHB Bill Tardiff 0-0: Ball
1-0: Ball
2-0: Ground out U3 (Groundball, 3, EV 83.8 MPH)
Batting: RHB Mike Savage 0-0: Ball
1-0: Ball
2-0: Ball
3-0: Base on Balls
Batting: LHB Mike DiNardo 0-0: Called Strike
Mike Savage is caught stealing 2nd base 2-6
Bottom of the 1st over - 0 runs, 0 hits, 0 errors, 0 left on base; Great Lakes 1 - South Bend 0
TOP OF THE 2ND
Great Lakes Loons batting - Pitching for South Bend Cubs : LHP Jose Carrillo
Batting: RHB Phil Knox 0-0: Called Strike
0-1: Ball
1-1: Ball
2-1: Ball
3-1: Foul Ball, location: 2F
3-2: Foul Ball, location: 2F
3-2: SINGLE (Groundball, 56S, EV 66.3 MPH) (infield hit)
Batting: RHB Josh Kimbrell 0-0: Ball
1-0: SINGLE (Flyball, 4D, EV 83.8 MPH)
Phil Knox to second
Batting: RHB Santos Guadalupe 0-0: Ball
1-0: Ball
2-0: Grounds into double play, 6-4-3 (Groundball, 6, EV 109.4 MPH)
Phil Knox to third
Batting: RHB Ken Jenkins 0-0: Swinging Strike
0-1: Foul Ball, location: 2F
0-2: Ball
1-2: Ground out U3 (Groundball, 34S, EV 66.9 MPH)
Top of the 2nd over - 0 runs, 2 hits, 0 errors, 1 left on base; Great Lakes 1 - South Bend 0
BOTTOM OF THE 2ND
South Bend Cubs batting - Pitching for Great Lakes Loons : RHP Bobby Primaticcio
Batting: LHB Mike DiNardo 0-0: Swinging Strike
0-1: Foul Ball, location: 2F
0-2: Strikes out swinging
Batting: LHB Shuan-yan Wu 0-0: Ball
1-0: SINGLE (Groundball, 4MD, EV 98.8 MPH)
Batting: SHB Benoît Morin 0-0: Called Strike
0-1: SINGLE (Groundball, 56D, EV 96.9 MPH)
Shuan-yan Wu to second
Batting: LHB Jim Polson 0-0: Grounds into double play, 5-4-3 (Groundball, 56D, EV 93.8 MPH)
Bottom of the 2nd over - 0 runs, 2 hits, 0 errors, 1 left on base; Great Lakes 1 - South Bend 0
TOP OF THE 3RD
Great Lakes Loons batting - Pitching for South Bend Cubs : LHP Jose Carrillo
Pitching: RHP Jason Scott
Batting: RHB Alex Mejia 0-0: Ball
1-0: Ground out 6-3 (Groundball, 6, EV 86.9 MPH)
Batting: LHB Antonio Luis 0-0: SINGLE (Groundball, 4D, EV 98.1 MPH)
Batting: LHB Jim Chalk 0-0: Ball
Pickoff Throw to First - Out! 1-3
1-0: DOUBLE (Line Drive, 7LM, EV 101.3 MPH)
Batting: LHB Alberto Chavez 0-0: Called Strike
0-1: Foul Ball, location: 2F
0-2: SINGLE (Flyball, 6D, EV 95.0 MPH)
Jim Chalk to third
Batting: RHB Ashton Crenshaw 0-0: Called Strike
0-1: SINGLE (Groundball, 6MD, EV 97.5 MPH)
Jim Chalk scores
Alberto Chavez to second
Runner from 2nd tries for 3rd, SAFE, throw by CF made to third
Batting: RHB Phil Knox 0-0: Foul Ball, location: 2F
0-1: Ball
1-1: Ball
2-1: DOUBLE (Line Drive, 7LD, EV 101.9 MPH)
Alberto Chavez scores
Ashton Crenshaw to third
Runner from 3rd tries for Home, SAFE, throw by LF to trailing runner, OUT at third! 7-3-5
Top of the 3rd over - 3 runs, 5 hits, 0 errors, 0 left on base; Great Lakes 4 - South Bend 0
BOTTOM OF THE 3RD
South Bend Cubs batting - Pitching for Great Lakes Loons : RHP Bobby Primaticcio
Batting: RHB Omar Novoa 0-0: Swinging Strike
0-1: Swinging Strike
0-2: Ball
1-2: Strikes out swinging
Batting: SHB Alvaro Andrade 0-0: Called Strike
0-1: SINGLE (Groundball, 34, EV 95.6 MPH)
Batting: RHB Jason Ostrom 0-0: Ball
1-0: Ball
2-0: Ball
3-0: Base on Balls
Alvaro Andrade to second
Pitching: LHP Bill Esten
Batting: LHB Bill Tardiff 0-0: Ball
1-0: Called Strike
1-1: Swinging Strike
1-2: Foul Ball, location: 2F
1-2: Strikes out swinging
Batting: RHB Mike Savage 0-0: Foul Ball, location: 2F
0-1: Ball
1-1: Called Strike
1-2: Fly out, F9 (Flyball, 89S, EV 92.5 MPH)
Bottom of the 3rd over - 0 runs, 1 hit, 0 errors, 2 left on base; Great Lakes 4 - South Bend 0
TOP OF THE 4TH
Great Lakes Loons batting - Pitching for South Bend Cubs : RHP Jason Scott
Batting: RHB Josh Kimbrell 0-0: Hit by Pitch
Batting: RHB Santos Guadalupe 0-0: Swinging Strike
0-1: Ball
1-1: Foul Ball, location: 2F
1-2: Ball
2-2: Strikes out looking
Pitching: RHP Eric Allen
Batting: RHB Ken Jenkins 0-0: Ball
1-0: Ball
2-0: Reached on error, E4 (Groundball, 34, EV 89.4 MPH)
Josh Kimbrell to second
Batting: RHB Alex Mejia 0-0: Ball
1-0: Ball
2-0: Ball
3-0: Called Strike
3-1: Base on Balls
Josh Kimbrell to third
Ken Jenkins to second
Batting: LHB Antonio Luis 0-0: Ball
1-0: Fielders Choice at 2nd, 3-6 (Groundball, 3, EV 86.3 MPH)
Josh Kimbrell scores
Ken Jenkins to third
Batting: LHB Jim Chalk 0-0: DOUBLE (Line Drive, 9LM, EV 110.0 MPH)
Ken Jenkins scores
Antonio Luis to third
Batting: LHB Alberto Chavez 0-0: Called Strike
0-1: Foul Ball, location: 2F
0-2: Foul Ball, location: 2F
0-2: SINGLE (Groundball, 3D, EV 101.9 MPH)
Antonio Luis scores
Jim Chalk to third
Runner from 3rd tries for Home, throw by RF and OUT! 9-2
Top of the 4th over - 3 runs, 2 hits, 1 error, 1 left on base; Great Lakes 7 - South Bend 0
BOTTOM OF THE 4TH
South Bend Cubs batting - Pitching for Great Lakes Loons : LHP Bill Esten
Batting: LHB Mike DiNardo 0-0: Ball
1-0: SINGLE (Groundball, 4D, EV 98.1 MPH)
Batting: LHB Shuan-yan Wu 0-0: Ball
1-0: Ball
2-0: Fly out, F5 (Line Drive, 5, EV 55.6 MPH)
Batting: SHB Benoît Morin 0-0: Called Strike
0-1: Ball
1-1: Called Strike
1-2: Foul Ball, location: 2F
1-2: Foul Ball, location: 2F
1-2: Strikes out swinging
Batting: LHB Jim Polson 0-0: Ball
1-0: Fielders Choice at 2nd, 6-4 (Groundball, 6, EV 88.1 MPH)
Bottom of the 4th over - 0 runs, 1 hit, 0 errors, 1 left on base; Great Lakes 7 - South Bend 0
TOP OF THE 5TH
Great Lakes Loons batting - Pitching for South Bend Cubs : RHP Eric Allen
Batting: RHB Ashton Crenshaw 0-0: DOUBLE (Line Drive, 9LS, EV 99.4 MPH)
Batting: RHB Phil Knox 0-0: Ball
1-0: Swinging Strike
1-1: SINGLE (Groundball, 15S, EV 68.1 MPH) (infield hit)
Ashton Crenshaw to third
Pitching: RHP Jean-Paul Lefebvre
Batting: RHB Josh Kimbrell 0-0: Ball
1-0: Called Strike
1-1: Foul Ball, location: 2F
1-2: Ball
2-2: Strikes out swinging
Batting: RHB Santos Guadalupe 0-0: Ball
1-0: Ball
2-0: Ball
3-0: Called Strike
3-1: Swinging Strike
3-2: Base on Balls
Phil Knox to second
Batting: RHB Ken Jenkins 0-0: Ball
Wild Pitch!
Ashton Crenshaw scores
Phil Knox to third
Santos Guadalupe to second
1-0: Called Strike
1-1: Foul Ball, location: 2F
1-2: Ball
2-2: Foul Ball, location: 2F
2-2: Ball
3-2: Foul Ball, location: 2F
3-2: Strikes out looking
Pitching: LHP Andres Lobato
Batting: RHB Alex Mejia 0-0: Called Strike
0-1: Ball
1-1: Ball
2-1: Foul Ball, location: 2F
2-2: Ball
3-2: Foul Ball, location: 2F
3-2: Strikes out swinging
Top of the 5th over - 1 run, 2 hits, 0 errors, 2 left on base; Great Lakes 8 - South Bend 0
BOTTOM OF THE 5TH
South Bend Cubs batting - Pitching for Great Lakes Loons : LHP Bill Esten
Batting: RHB Omar Novoa 0-0: Called Strike
0-1: Called Strike
0-2: Strikes out swinging
Batting: SHB Alvaro Andrade 0-0: Foul Ball, location: 2F
0-1: Foul Ball, location: 2F
0-2: Ball
1-2: Ball
2-2: Ground out 4-3 (Groundball, 4S, EV 64.4 MPH)
Batting: RHB Jason Ostrom 0-0: Swinging Strike
0-1: Ball
1-1: Foul Ball, location: 2F
1-2: Strikes out swinging
Bottom of the 5th over - 0 runs, 0 hits, 0 errors, 0 left on base; Great Lakes 8 - South Bend 0
TOP OF THE 6TH
Great Lakes Loons batting - Pitching for South Bend Cubs : LHP Andres Lobato
Batting: LHB Antonio Luis 0-0: Called Strike
0-1: Ball
1-1: Foul Ball, location: 2F
1-2: Ground out 6-3 (Groundball, 6M, EV 86.9 MPH)
DELAY Rain delay of 14 minutes in the 6th inning.
Batting: LHB Jim Chalk 0-0: Ball
1-0: SINGLE (Line Drive, 56D, EV 105.6 MPH)
Batting: LHB Alberto Chavez 0-0: Called Strike
0-1: Ball
1-1: Foul Ball, location: 2F
1-2: DOUBLE (Groundball, 3L, EV 102.5 MPH)
Jim Chalk to third
Batting: RHB Ashton Crenshaw 0-0: Reached on error, E6 (Groundball, 6M, EV 87.5 MPH)
Jim Chalk scores
Alberto Chavez to third
Batting: RHB Phil Knox 0-0: Ball
1-0: Ball
2-0: Ball
3-0: Called Strike
3-1: Foul Ball, location: 2F
3-2: SINGLE (Groundball, 4MD, EV 94.4 MPH)
Alberto Chavez scores
Ashton Crenshaw to second
Pitching: RHP John Madden
Batting: RHB Josh Kimbrell 0-0: TRIPLE (Flyball, 78XD, EV 97.5 MPH)
Ashton Crenshaw scores
Phil Knox scores
Batting: RHB Santos Guadalupe 0-0: Called Strike
0-1: Foul Ball, location: 2F
0-2: Foul Ball, location: 2F
0-2: SINGLE (Groundball, 6D, EV 100.0 MPH)
Josh Kimbrell scores
Batting: RHB Ken Jenkins 0-0: Called Strike
0-1: DOUBLE (Line Drive, 3D, EV 96.9 MPH)
Santos Guadalupe to third
Batting: RHB Alex Mejia 0-0: Ball
Wild Pitch!
Santos Guadalupe scores
Ken Jenkins to third
1-0: Called Strike
1-1: Ball
2-1: Ball
3-1: Base on Balls
Batting: LHB Antonio Luis 0-0: Ball
1-0: Foul Ball, location: 2F
1-1: Swinging Strike
1-2: Foul Ball, location: 2F
1-2: Foul Ball, location: 2F
Balk!
Ken Jenkins scores
Alex Mejia to second
1-2: Ball
2-2: Foul Ball, location: 2F
2-2: Ground out 5-3 (Groundball, 56S, EV 90.0 MPH)
Pitching: LHP Andy Bordeaux
Batting: LHB Jim Chalk 0-0: Called Strike
0-1: Foul Ball, location: 2F
0-2: Ball
1-2: Ball
2-2: Strikes out swinging
Top of the 6th over - 7 runs, 6 hits, 1 error, 1 left on base; Great Lakes 15 - South Bend 0
BOTTOM OF THE 6TH
South Bend Cubs batting - Pitching for Great Lakes Loons : LHP Bill Esten
Batting: LHB Bill Tardiff 0-0: Ball
1-0: Ground out 6-3 (Groundball, 6, EV 97.5 MPH)
Batting: RHB Mike Savage 0-0: Called Strike
0-1: Ball
1-1: Foul Ball, location: 2F
1-2: Ground out U3 (Groundball, 13, EV 78.8 MPH)
Batting: LHB Mike DiNardo 0-0: Ball
1-0: Foul Ball, location: 2F
1-1: Swinging Strike
1-2: Foul Ball, location: 2F
1-2: Strikes out looking
Bottom of the 6th over - 0 runs, 0 hits, 0 errors, 0 left on base; Great Lakes 15 - South Bend 0
TOP OF THE 7TH
Great Lakes Loons batting - Pitching for South Bend Cubs : LHP Andy Bordeaux
Pinch Hitting: RHB Jayden Copeland 0-0: Called Strike
0-1: Ball
1-1: Ball
2-1: Foul Ball, location: 2F
2-2: Ball
3-2: SOLO HOME RUN (Flyball, 7LD, EV 98.1 MPH), Distance : 386 ft
Batting: RHB Ashton Crenshaw 0-0: Swinging Strike
0-1: Ground out 6-3 (Groundball, 6, EV 88.1 MPH)
Batting: RHB Phil Knox 0-0: Ball
1-0: Ball
2-0: Called Strike
2-1: Called Strike
2-2: Foul Ball, location: 2F
2-2: Foul Ball, location: 2F
2-2: Ball
3-2: Base on Balls
Batting: RHB Josh Kimbrell 0-0: Ball
1-0: Reached on error, E4 (Groundball, 4, EV 86.9 MPH)
Phil Knox to second
Batting: RHB Santos Guadalupe 0-0: Called Strike
0-1: Swinging Strike
0-2: Foul Ball, location: 2F
0-2: Strikes out swinging
Batting: RHB Ken Jenkins 0-0: Ball
1-0: Called Strike
1-1: Called Strike
1-2: Foul Ball, location: 2F
1-2: Strikes out swinging wild pitch, reaches first!
Phil Knox to third
Josh Kimbrell to second
Pinch Hitting: RHB Matt Fields 0-0: Called Strike
0-1: Ball
1-1: Ball
2-1: Called Strike
2-2: Strikes out looking
Top of the 7th over - 1 run, 1 hit, 1 error, 3 left on base; Great Lakes 16 - South Bend 0
BOTTOM OF THE 7TH
South Bend Cubs batting - Pitching for Great Lakes Loons : LHP Bill Esten
Now at 1B: Jayden Copeland
Now in RF: Chris Barrera
Batting: LHB Shuan-yan Wu 0-0: Ball
1-0: Ball
2-0: Called Strike
2-1: Foul Ball, location: 2F
2-2: Ball
3-2: Fly out, F8 (Flyball, 8LD, EV 97.5 MPH)
Batting: SHB Benoît Morin 0-0: Ball
1-0: Foul Ball, location: 2F
1-1: Ball
2-1: SINGLE (Line Drive, 9S, EV 106.9 MPH)
Batting: LHB Jim Polson 0-0: Called Strike
Benoît Morin steals 2nd base
0-1: Ball
1-1: Swinging Strike
1-2: Ball
2-2: Foul Ball, location: 2F
2-2: Foul Ball, location: 2F
2-2: Foul Ball, location: 2F
2-2: Reached on error, E3 (Groundball, 34, EV 88.1 MPH)
Benoît Morin to third
Pitching: RHP Santiago Montero
Batting: RHB Omar Novoa 0-0: Called Strike
0-1: Foul Ball, location: 2F
0-2: Strikes out swinging
Batting: SHB Alvaro Andrade 0-0: Called Strike
0-1: Ball
1-1: Ball
2-1: Ball
3-1: Foul Ball, location: 2F
3-2: Foul Ball, location: 2F
3-2: Base on Balls
Jim Polson to second
Batting: RHB Jason Ostrom 0-0: Called Strike
0-1: Called Strike
0-2: Strikes out swinging
Bottom of the 7th over - 0 runs, 1 hit, 1 error, 3 left on base; Great Lakes 16 - South Bend 0
TOP OF THE 8TH
Great Lakes Loons batting - Pitching for South Bend Cubs : LHP Andy Bordeaux
Batting: LHB Antonio Luis 0-0: Swinging Strike
0-1: Ball
1-1: Ball
2-1: DOUBLE (Flyball, 78XD, EV 105.6 MPH)
Batting: LHB Jim Chalk 0-0: Foul Ball, location: 2F
0-1: 2-RUN HOME RUN (Flyball, 9D, EV 100.6 MPH), Distance : 396 ft
Batting: RHB Jayden Copeland 0-0: Ground out 4-3 (Groundball, 4, EV 109.4 MPH)
Batting: RHB Ashton Crenshaw 0-0: Ball
1-0: Ball
2-0: Ball
3-0: Called Strike
3-1: Base on Balls
Batting: RHB Phil Knox 0-0: Ball
1-0: Ball
2-0: Foul Ball, location: 2F
2-1: Fielders Choice at 2nd, 4-6 (Groundball, 4, EV 106.3 MPH)
Batting: RHB Josh Kimbrell 0-0: Ball
1-0: Ball
2-0: Ball
3-0: Called Strike
3-1: SINGLE (Line Drive, 4MD, EV 100.0 MPH)
Phil Knox to second
Batting: RHB Santos Guadalupe 0-0: Ball
1-0: Called Strike
1-1: Ball
2-1: Ball
3-1: Base on Balls
Phil Knox to third
Josh Kimbrell to second
Batting: RHB Ken Jenkins 0-0: Foul Ball, location: 2F
0-1: Ball
1-1: Called Strike
1-2: Ball
2-2: Foul Ball, location: 2F
2-2: SINGLE (Flyball, 78S, EV 93.8 MPH)
Phil Knox scores
Josh Kimbrell to third
Santos Guadalupe to second
Runner from 3rd tries for Home, SAFE, throw by LF to home
Batting: LHB Chris Barrera 0-0: Called Strike
0-1: 3-RUN HOME RUN (Line Drive, 89XD, EV 111.3 MPH), Distance : 434 ft
Batting: LHB Antonio Luis 0-0: Ball
1-0: Called Strike
1-1: Swinging Strike
1-2: SINGLE (Groundball, 56D, EV 95.0 MPH)
Batting: LHB Jim Chalk 0-0: Ball
1-0: Called Strike
Balk!
Antonio Luis to second
1-1: Ball
2-1: Ball
3-1: Base on Balls
Batting: RHB Jayden Copeland 0-0: SINGLE (Groundball, 4MS, EV 96.3 MPH)
Antonio Luis to third
Jim Chalk to second
Runner from 3rd tries for Home, SAFE, throw by CF to home
Batting: RHB Ashton Crenshaw 0-0: Fielders Choice at 2nd, 6-4 (Groundball, 6, EV 103.1 MPH)
Top of the 8th over - 8 runs, 7 hits, 0 errors, 2 left on base; Great Lakes 24 - South Bend 0
BOTTOM OF THE 8TH
South Bend Cubs batting - Pitching for Great Lakes Loons : RHP Santiago Montero
Batting: LHB Bill Tardiff 0-0: Ball
1-0: Foul Ball, location: 2F
1-1: Swinging Strike
1-2: Ball
2-2: Ball
3-2: Strikes out swinging
Batting: RHB Mike Savage 0-0: Called Strike
0-1: Foul Ball, location: 2F
0-2: Foul Ball, location: 2F
0-2: Ball
1-2: Ball
2-2: Foul Ball, location: 2F
2-2: Strikes out swinging
Batting: LHB Mike DiNardo 0-0: Ball
1-0: Swinging Strike
1-1: Ball
2-1: Called Strike
2-2: Strikes out swinging
Bottom of the 8th over - 0 runs, 0 hits, 0 errors, 0 left on base; Great Lakes 24 - South Bend 0
TOP OF THE 9TH
Great Lakes Loons batting - Pitching for South Bend Cubs : LHP Andy Bordeaux
Batting: RHB Phil Knox 0-0: Ball
1-0: Ball
2-0: SINGLE (Line Drive, 8RM, EV 109.4 MPH)
Pinch Hitting: RHB Sean Tanner 0-0: Reached on error, E4 (Groundball, 4, EV 83.1 MPH)
Phil Knox to second
Batting: RHB Santos Guadalupe 0-0: Ball
1-0: Ball
2-0: Called Strike
2-1: Ball
3-1: Base on Balls
Phil Knox to third
Sean Tanner to second
Batting: RHB Ken Jenkins 0-0: Fielders Choice at 2nd, 3-6 (Groundball, 34S, EV 81.9 MPH)
Phil Knox scores
Sean Tanner to third
Batting: LHB Chris Barrera 0-0: Ball
1-0: Called Strike
1-1: DOUBLE (Flyball, 8RD, EV 97.5 MPH)
Sean Tanner scores
Ken Jenkins to third
Batting: LHB Antonio Luis 0-0: SINGLE (Groundball, 4D, EV 104.4 MPH)
Ken Jenkins scores
Chris Barrera to third
Runner from 3rd tries for Home, SAFE, throw by CF to home
Antonio Luis to second
Batting: LHB Jim Chalk Balk!
Antonio Luis to third
0-0: Ground out 5-3 (Groundball, 56, EV 86.3 MPH)
Antonio Luis scores
Batting: RHB Jayden Copeland 0-0: Called Strike
0-1: Fly out, F7 (Flyball, 7, EV 91.9 MPH)
Top of the 9th over - 5 runs, 3 hits, 1 error, 0 left on base; Great Lakes 29 - South Bend 0
BOTTOM OF THE 9TH
South Bend Cubs batting - Pitching for Great Lakes Loons : RHP Santiago Montero
Now at C: Sean Tanner
Batting: LHB Shuan-yan Wu 0-0: Called Strike
0-1: Foul Ball, location: 2F
0-2: Ball
1-2: Foul Ball, location: 2F
1-2: SINGLE (Groundball, 4S, EV 66.9 MPH) (infield hit)
Batting: SHB Benoît Morin 0-0: Foul Ball, location: 2F
0-1: Foul Ball, location: 2F
0-2: Strikes out looking
Batting: LHB Jim Polson 0-0: Called Strike
0-1: Swinging Strike
0-2: Strikes out swinging
Batting: RHB Omar Novoa 0-0: SINGLE (Groundball, 6MD, EV 105.6 MPH)
Shuan-yan Wu to second
Batting: SHB Alvaro Andrade 0-0: Foul Ball, location: 2F
0-1: Called Strike
0-2: Strikes out swinging
Bottom of the 9th over - 0 runs, 2 hits, 0 errors, 2 left on base; Great Lakes 29 - South Bend 0
Thursday, March 31st , 2022 - OOTP Baseball 22.12 Build 89